 Dungeon Crawl Stone Soup version 0.26-a0-858-gbf766624f9 (webtiles) character file.

Game seed: 17954982947702361459

353942 lunkers the Brawler (level 22, 0/201 HPs)
             Began as a Ghoul Monk on Nov 18, 2020.
             Was the Champion of Qazlal.
             Slain by an ettin
             ... wielding a +0 dire flail
              (12 damage)
             ... on level 4 of the Vaults on Nov 24, 2020.
             The game lasted 02:14:04 (50102 turns).

lunkers the Brawler (Ghoul Monk)                   Turns: 50102, Time: 02:14:04

Health: 0/201      AC: 36    Str: 25    XL:     22   Next: 28%
Magic:  0/33       EV: 11    Int:  9    God:    Qazlal [******]
Gold:   3852       SH: 27    Dex: 11    Spells: 21/21 levels left

rFire    . . .     SeeInvis .     - Unarmed
rCold    + . .     Faith    .   d - +0 kite shield
rNeg     + + +     Spirit   +   U - +2 crystal plate armour
rPois    ∞         Reflect  +   K - +2 hat of the Bear Spirit {Spirit, +Rage rN+ MR++}
rElec    .         Harm     .   M - +1 cloak
rCorr    .         Rampage  .   (no gloves)
MR       ++++.                  p - +2 pair of boots
Stlth    ..........             V - amulet of reflection
HPRegen  0.00/turn              I - ring of Modesty {MR+ Int+4}
MPRegen  0.23/turn              O - +4 ring of evasion

@: protected from physical damage, constricted, studying Summonings, repel
missiles
A: rotting body, claws 1, cold resistance 1, negative energy resistance 3,
inhibited regeneration, torment resistance, unbreathing
}: 2/15 runes: serpentine, barnacled
a: Upheaval, Elemental Force, Disaster Area, Renounce Religion


You were on level 4 of the Vaults.
You worshipped Qazlal.
Qazlal was exalted by your worship.
You visited 7 branches of the dungeon, and saw 35 of its levels.
You visited the Abyss 1 time.
You also visited: Bailey and Ice Cave.

You collected 5052 gold pieces.
You spent 1200 gold pieces at shops.

Inventory:

Missiles
 j - 132 boomerangs (quivered)
Armour
 d - a +0 kite shield (worn)
 p - a +2 pair of boots (worn)
 K - the +2 hat of the Bear Spirit (worn) {Spirit, +Rage rN+ MR++}
   (You acquired it on level 1 of the Orcish Mines)

   It protects you from negative energy.
   It affects your resistance to hostile enchantments.
   It lets you go berserk.
 M - a +1 cloak (worn)
 U - a +2 crystal plate armour (worn)
Jewellery
 e - an uncursed ring of protection from fire
 h - an uncursed ring of protection from cold
 C - an uncursed ring of magical power
 G - an uncursed ring of flight
 I - the ring of Modesty (left claw) {MR+ Int+4}
   (You found it on level 10 of the Dungeon)

   [ring of protection from magic]

   It affects your intelligence (+4).
   It affects your resistance to hostile enchantments.
 J - an uncursed ring of protection from fire
 O - a +4 ring of evasion (right claw)
 V - an amulet of reflection (around neck)
Wands
 r - a wand of iceblast (36)
 A - a wand of acid (34)
 E - a wand of flame (76)
 H - a wand of enslavement (7)
 L - a wand of paralysis (6)
 Q - a wand of disintegration (44)
 S - a wand of digging (13)
Scrolls
 a - 6 scrolls of fog
 b - 5 scrolls of enchant weapon
 c - 22 scrolls of remove curse
 g - 13 scrolls of teleportation
 l - 4 scrolls of immolation
 n - 5 scrolls of blinking
 x - 7 scrolls of enchant armour
 y - 5 scrolls of brand weapon
 D - 4 scrolls of magic mapping
 F - 2 scrolls of vulnerability
 P - 3 scrolls of identify
 T - 3 scrolls of fear
 X - 2 scrolls of amnesia
 Z - a scroll of silence
Potions
 f - 12 potions of heal wounds
 i - 9 potions of curing
 k - 4 potions of magic
 m - 2 potions of flight
 t - 5 potions of haste
 u - 6 potions of might
 v - 3 potions of cancellation
 z - 2 potions of resistance
 N - 8 potions of ambrosia
 R - 4 potions of attraction
 Y - a potion of brilliance
Books
 o - a manual of Summonings
Miscellaneous
 q - a phial of floods
 s - a condenser vane
 w - a tin of tremorstones (2/2)
 B - a phantom mirror
 W - a lightning rod (4/4)


   Skills:
 + Level 17.7 Fighting
 + Level 14.2 Armour
 - Level 11.3 Dodging
 - Level 2.1 Stealth
 * Level 14.6 Shields
 - Level 19.5 Unarmed Combat
 + Level 16.4 Invocations
 - Level 9.0 Evocations


You had 21 spell levels left.
You didn't know any spells.
Your spell library contained the following spells:

 Spells                   Type           Power        Failure   Level
 Animate Skeleton         Necr           #.....       100%        1
 Apportation              Tloc           #.....       100%        1
 Corona                   Hex            #......      100%        1
 Magic Dart               Conj           #...         100%        1
 Pain                     Necr           #...         100%        1
 Sandblast                Erth           #.....       100%        1
 Sting                    Tmut/Pois      #...         100%        1
 Summon Small Mammal      Summ           #...         100%        1
 Blink                    Tloc           N/A          100%        2
 Call Imp                 Summ           #.......     100%        2
 Ensorcelled Hibernation  Hex/Ice        #.....       100%        2
 Passwall                 Tmut/Erth      #.......     100%        2
 Poisonous Vapours        Pois/Air       #.....       100%        2
 Slow                     Hex            #.......     100%        2
 Swiftness                Air            #.......     100%        2
 Confusing Touch          Hex            #.......     100%        3
 Conjure Flame            Conj/Fire      #.......     100%        3
 Dazzling Flash           Conj/Hex       #.....       100%        3
 Ignite Poison            Fire/Tmut/Pois #.......     100%        3
 Mephitic Cloud           Conj/Pois/Air  #.......     100%        3
 Stone Arrow              Conj/Erth      #.....       100%        3
 Tukima's Dance           Hex            #.......     100%        3
 Vampiric Draining        Necr           #.........   100%        3
 Animate Dead             Necr           #.........   100%        4
 Olgreb's Toxic Radiance  Pois           #.......     100%        4
 Passage of Golubria      Tloc           N/A          100%        4
 Petrify                  Tmut/Erth      #.......     100%        4
 Summon Lightning Spire   Summ/Air       #.......     100%        4
 Agony                    Necr           #.......     100%        5
 Bolt of Magma            Conj/Fire/Erth #.........   100%        5
 Borgnjor's Vile Clutch   Necr/Erth      #.........   100%        5
 Iskenderun's Battlesphe  Conj           #.......     100%        5
 Lee's Rapid Deconstruct  Erth           #.........   100%        5
 Silence                  Hex/Air        #.........   100%        5
 Conjure Ball Lightning   Conj/Air       #.........   100%        6
 Death Channel            Necr           #.........   100%        6
 Invisibility             Hex            #.......     100%        6
 Iron Shot                Conj/Erth      #.........   100%        6
 Simulacrum               Ice/Necr       #.........   100%        6
 Malign Gateway           Summ/Tloc      #.........   100%        7
 Monstrous Menagerie      Summ           #.........   100%        7
 Orb of Destruction       Conj           #.........   100%        7
 Spellforged Servitor     Conj/Summ      #.........   100%        7
 Summon Greater Demon     Summ           #.........   100%        7
 Summon Horrible Things   Summ           #.........   100%        8
 Tornado                  Air            #.........   100%        9


Dungeon Overview and Level Annotations

Branches:
Dungeon (13/15)            Temple (1/1) D:5            Lair (6/6) D:10
 Shoals (4/4) Lair:4        Snake (4/4) Lair:2        Slime (0/5) Lair:6
    Orc (2/2) D:11            Elf (0/3) Orc:2        Vaults (5/5) D:13
  Crypt (0/3) Vaults:2     Bailey (visited)           IceCv (visited)

Altars:
Ashenzari
Cheibriados
Dithmenos
Elyvilon
Fedhas
Gozag
Hepliaklqana
Kikubaaqudgha
Makhleb
Nemelex Xobeh
Okawaru
Qazlal
Ru
Sif Muna
Trog
Uskayaw
Vehumet
Wu Jian
Xom
Yredelemnul
Zin
The Shining One
Beogh
Jiyva

Shops:
D:7 ?   Orc:2 ?![}   Shoals:2 }   Vaults:2 !

Portals:
Pandemonium: Orc:2
Trove: D:12 (give +5 fire dragon scales)

Annotations:
D:3 1 runed translucent door, DarkMailMan's ghost, amateur DrTm
Lair:1 1 runed translucent door, exclusion: 2 oklob plants, felt's ghost, journeyman TrCK
Lair:6 exclusion: oklob plant
Vaults:2 exclusion: obsidian statue
Vaults:5 Saint Roka


Innate Abilities, Weirdness & Mutations

Your body is rotting away.
You thrive by killing the living.
You are immune to poison.
You have sharp fingernails.
Your flesh is cold resistant. (rC+)
You are immune to negative energy. (rN+++)
You do not regenerate when monsters are visible.
You are immune to unholy pain and torment.
You can survive without breathing.


Message History

You block the tentacled monstrosity's attack. x2
The tentacled monstrosity tentacle-slaps you but does no damage.
The tentacled monstrosity is engulfed in freezing vapours.
The tentacled monstrosity misses you.
You block the tentacled monstrosity's attack.
The tentacled monstrosity closely misses you.
* * * LOW HITPOINT WARNING * * *
The tentacled monstrosity constricts you.
The stone giant hits you but does no damage.
You claw the shadow dragon!
The shadow dragon is heavily wounded.
The yaktaur is engulfed in freezing vapours.
You block the yaktaur's attack. The shadow dragon misses you.
You block the shadow dragon's attack. x2
The ettin hits you with a +0 dire flail!!
* * * LOW MAGIC WARNING * * *
* * * LOW HITPOINT WARNING * * *
The ettin hits you with a +0 dire flail!
* * * LOW MAGIC WARNING * * *
You die...

#.....#.....#...##..##...#)..))).
#.....'.....#....#..#...)'()(()).
#.....#.....#....#^.#....#)...<).
#.....#.....#....#..#....+).....(
##############+#'#########......(
#........# #....... #..☼°..☼.#
#....... # #...ZXC..# #....... ##
#...c@n..# ######## .##
#...CXD..# ..## #..○.°.°.# #..#
#........# ##'# #........# ######
...# #........# #....## ...#
#'######## ##....## ##.#
####...#### ### ##....# #..#
#.........# #.###......


You could see a ghoul, a shadow dragon (soul bound), 2 tentacled monstrosities,
a stone giant (soul bound), an ettin (soul bound), a yaktaur (soul bound) and a
yaktaur simulacrum.

Vanquished Creatures
  Mennas (Vaults:4)
  The ghost of deprived the Bringer of Light, a veteran HOFi of the Shining One (Vaults:2)
  Vashnia (Snake:3)
  Margery (Vaults:3)
  Bai Suzhen (Shoals:3)
  Nikola (Shoals:1)
  Jorgrun (Shoals:2)
  A lich (Vaults:4)
  A tentacled monstrosity (Vaults:4)
  2 titans
  Polyphemus (Shoals:2)
  4 krakens
  The ghost of Morgoth the Phalangite, an adept TeWr of Yredelemnul (Vaults:3)
  Agnes (Snake:1)
  Asterion (Vaults:2)
  A shadow dragon (Vaults:5)
  4 sphinxes
  6 nagarajas
  A revenant (Vaults:2)
  Ilsuiw (Shoals:1)
  9 vault wardens
  A frost giant (Shoals:1)
  An orc warlord (Orc:1)
  A ghost moth (shapeshifter) (Vaults:2)
  A curse skull (Vaults:3)
  5 stone giants
  8 ironheart preservers
  A very ugly thing (Vaults:4)
  An entropy weaver (Vaults:4)
  The ghost of Tinen the Brawler, a journeyman TrMo of Wu Jian (D:12)
  2 blizzard demons (IceCv)
  Snorg (Lair:5)
  A merfolk javelineer (Shoals:2)
  4 ettins
  A fire dragon (Lair:6)
  Josephine (Lair:4)
  2 eidola (Vaults:3)
  8 merfolk impalers
  8 yaktaur captains
  A great orb of eyes (Vaults:4)
  32 vault guards
  10 hydras
  7 boulder beetles
  An ice dragon (Vaults:4)
  2 rakshasas
  A death knight (Vaults:1)
  4 merfolk avatars
  16 naga warriors
  2 catoblepae
  6 alligator snapping turtles
  3 merfolk aquamancers
  10 anacondas
  8 centaur warriors
  26 two-headed ogres
  9 ogre magi
  Urug (Lair:6)
  A satyr (Shoals:4)
  7 death yaks
  7 orc high priests
  A vampire mage (Vaults:2)
  11 shock serpents
  A soul eater (Orc:2)
  4 hell knights
  2 deep elf knights
  14 naga sharpshooters
  A sun demon (Orc:2)
  2 shadow wraiths (Vaults:3)
  2 salamander mystics
  A sixfirhy (Orc:2)
  A fire crab (shapeshifter) (Vaults:1)
  5 skeletal warriors (Vaults:1)
  4 unseen horrors
  4 deep trolls
  A swamp dragon (Lair:6)
  7 sea snakes
  A swamp dragon (shapeshifter) (Vaults:2)
  A glowing orange brain (Vaults:2)
  An infernal demonspawn (Orc:2)
  2 torturous demonspawn (Orc:2)
  9 naga ritualists
  2 flayed ghosts (Vaults:3)
  4 harpies
  3 necromancers
  A wizard (Vaults:3)
  13 ironbrand convokers
  A lindwurm (Lair:6)
  18 orc knights
  A wolf spider (Vaults:3)
  17 fauns
  11 mana vipers
  5 phantasmal warriors
  11 orc sorcerers
  15 ugly things
  7 salamanders
  15 manticores
  22 cyclopes
  52 black mambas
  6 elephants (Lair:6)
  5 guardian serpents
  4 ice statues
  13 vault sentinels
  3 water nymphs
  15 merfolk sirens
  A frost giant skeleton (Vaults:2)
  A water nymph (shapeshifter) (Vaults:3)
  19 naga magi
  A torpor snail (Lair:6)
  13 cane toads
  A cane toad (shapeshifter) (Vaults:1)
  3 kobold demonologists
  2 rime drakes (Lair:6)
  5 freezing wraiths
  14 ice devils (IceCv)
  10 komodo dragons
  A human skeleton (Vaults:2)
  37 yaktaurs
  A yaktaur skeleton (Vaults:2)
  A queen bee (D:11)
  A tengu conjurer (D:12)
  3 hornets
  19 merfolk
  15 polar bears
  A jumping spider (shapeshifter) (Vaults:5)
  A hellwing (Orc:2)
  2 trolls
  3 wind drakes
  22 blink frogs
  5 slime creatures (D:13)
  4 raiju (Lair:6)
  16 dream sheep
  7 snapping turtles
  A raiju (shapeshifter) (Vaults:1)
  A stone giant simulacrum (Vaults:3)
  2 shadows
  6 wyverns
  A vampire (D:11)
  4 water elementals
  3 redbacks
  A wyvern (shapeshifter) (Vaults:1)
  6 wraiths
  26 yaks
  2 dire elephant simulacra (IceCv)
  2 chaos spawn
  A hog (shapeshifter) (Vaults:4)
  A human (shapeshifter) (Vaults:2)
  4 vampire mosquitoes (D:12)
  3 steam dragons
  6 basilisks
  3 iron troll simulacra (IceCv)
  A harpy simulacrum (IceCv)
  58 nagas
  15 wargs
  3 insubstantial wisps
  4 acid dragons
  13 hell hounds (Lair:6)
  A hydra simulacrum (IceCv)
  13 water moccasins
  Duvessa (D:5)
  3 ettin simulacra (IceCv)
  58 orc warriors
  12 black bears
  A swamp drake (Lair:6)
  An eye of draining (D:11)
  5 sky beasts
  2 ice beasts
  12 boggarts (Vaults:2)
  5 phantoms
  A hornet zombie (D:7)
  A necrophage (D:6)
  20 centaurs
  18 wolves
  36 ogres
  5 big kobolds
  13 bullfrogs
  An ogre simulacrum (Vaults:1)
  A wyvern zombie (D:13)
  Dowan (D:5)
  A water moccasin skeleton (D:9)
  3 scorpions
  An orc simulacrum (Vaults:2)
  36 killer bees
  4 electric eels
  A howler monkey (D:13)
  6 centaur zombies
  A human simulacrum (Vaults:2)
  6 jellies
  4 hounds
  36 orc priests
  A bullfrog skeleton (D:5)
  2 centaur skeletons
  A gnoll shaman (Orc:1)
  24 orc wizards
  10 iguanas
  7 worker ants
  2 hound zombies (D:7)
  A hound skeleton (D:4)
  2 worker ant zombies
  24 gnolls
  A howler monkey skeleton (D:11)
  12 adders
  3 white imps
  3 ufetubi
  3 oozes
  2 adder zombies
  3 worms
  3 dart slugs
  9 leopard geckos
  86 orcs
  11 bats
  2 giant cockroaches
  9 goblins
  18 hobgoblins
  7 jackals
  8 quokkas
  2 ball pythons
  6 frilled lizards
  23 kobolds
  A leopard gecko skeleton (D:6)
  A leopard gecko zombie (D:5)
  11 rats
  10 tentacles
1556 creatures vanquished.

Vanquished Creatures (others)
  A yaktaur captain (Vaults:4)
  A satyr (Shoals:3)
  A centaur warrior (D:12)
  A merfolk aquamancer (Shoals:4)
  2 sea snakes (Shoals:3)
  A merfolk siren (Shoals:3)
  2 merfolk
  A water elemental (Shoals:3)
  A redback (Vaults:5)
  A wraith (D:12)
  An ogre (Vaults:3)
  A killer bee (D:12)
  An orc wizard (D:13)
  An orc (Orc:1)
  A kobold (D:12)
  32 fungi
  243 plants
  24 tentacles
  2 withered plants (D:3)
318 creatures vanquished.

Grand Total: 1874 creatures vanquished

Notes
Turn   | Place    | Note
-------+----------+-------------------------------------------
     0 | D:1      | lunkers the Ghoul Monk began the quest for the Orb.
     0 | D:1      | Reached XP level 1. HP: 19/19 MP: 0/0
   177 | D:1      | Reached XP level 2. HP: 23/26 MP: 1/1
   469 | D:1      | Reached skill level 4 in Unarmed Combat
   604 | D:1      | Reached XP level 3. HP: 33/33 MP: 2/2
  1127 | D:2      | Reached XP level 4. HP: 40/40 MP: 3/3
  1283 | D:2      | Found a faded altar of an unknown god.
  1491 | D:1      | Reached skill level 5 in Unarmed Combat
  1995 | D:3      | Reached XP level 5. HP: 47/47 MP: 4/4
  2058 | D:3      | Found a shimmering altar of Xom.
  2299 | D:3      | Found a runed translucent door.
  2301 | D:3      | Noticed DarkMailMan's ghost (amateur DrTm)
  2355 | D:3      | Reached skill level 6 in Unarmed Combat
  2485 | D:3      | Found a bloodstained altar of Trog.
  2589 | D:3      | Reached XP level 6. HP: 55/55 MP: 5/5
  2916 | D:4      | Reached skill level 5 in Fighting
  3202 | D:4      | Reached skill level 7 in Unarmed Combat
  3527 | D:4      | Reached XP level 7. HP: 61/61 MP: 6/6
  3744 | D:5      | Entered Level 5 of the Dungeon
  3922 | D:5      | Reached skill level 8 in Unarmed Combat
  4110 | D:5      | Reached XP level 8. HP: 59/71 MP: 7/7
  4318 | D:5      | Found a staircase to the Ecumenical Temple.
  4331 | Temple   | Entered the Ecumenical Temple
  4539 | Temple   | Became a worshipper of Qazlal Stormbringer
  4539 | Temple   | Reached * piety under Qazlal
  4539 | Temple   | Reached ** piety under Qazlal
  4568 | D:5      | Noticed Duvessa
  4568 | D:5      | Noticed Dowan
  4590 | D:5      | Killed Duvessa
  4591 | D:5      | Reached skill level 9 in Unarmed Combat
  4600 | D:5      | Killed Dowan
  4944 | D:5      | Found a sacrificial altar of Ru.
  5302 | D:6      | Found a glowing silver altar of Zin.
  5372 | D:6      | Reached skill level 10 in Unarmed Combat
  5392 | D:6      | Reached skill level 1 in Invocations
  5443 | D:6      | Reached skill level 1 in Armour
  5443 | D:6      | Reached XP level 9. HP: 66/79 MP: 6/9
  5502 | D:6      | Found a hide-covered altar of Uskayaw.
  5807 | D:6      | Found a white marble altar of Elyvilon.
  6082 | D:7      | Found Qeunis's Magic Scroll Shop.
  7099 | D:7      | Reached skill level 11 in Unarmed Combat
  7106 | D:7      | Reached *** piety under Qazlal
  7378 | D:7      | Found a stormy altar of Qazlal.
  7751 | D:8      | Reached XP level 10. HP: 65/90 MP: 10/12
  8159 | D:8      | Found a shadowy altar of Dithmenos.
  8979 | D:9      | Reached skill level 12 in Unarmed Combat
  8997 | D:9      | Reached skill level 5 in Invocations
  9821 | D:10     | Entered Level 10 of the Dungeon
  9924 | D:10     | Killed an unseen horror
 10122 | D:10     | Reached **** piety under Qazlal
 10554 | D:10     | Reached skill level 5 in Armour
 10554 | D:10     | Reached XP level 11. HP: 97/99 MP: 14/14
 10716 | D:10     | Got a transparent tin ring
 10774 | D:10     | Found a staircase to the Lair.
 10864 | D:10     | Found a snail-covered altar of Cheibriados.
 11008 | D:10     | Identified the ring of Modesty {MR+ Int+4} (You found it on
                  | level 10 of the Dungeon)
 11049 | Lair:1   | Entered Level 1 of the Lair of Beasts
 11057 | Lair:1   | Reached skill level 13 in Unarmed Combat
 11170 | Lair:1   | Reached skill level 10 in Fighting
 11170 | Lair:1   | Found a runed translucent door.
 11170 | Lair:1   | Found a shimmering altar of Xom.
 11170 | Lair:1   | Noticed a +0 mace of chaos
 11170 | Lair:1   | Noticed felt's ghost (journeyman TrCK)
 11817 | Lair:1   | Noticed a four-headed hydra
 11827 | Lair:1   | Killed a four-headed hydra
 12085 | Lair:1   | Noticed an oklob plant
 12086 | Lair:1   | Noticed an oklob plant
 12522 | Lair:2   | Reached skill level 14 in Unarmed Combat
 12615 | Lair:2   | Noticed a catoblepas
 12618 | Lair:2   | Reached XP level 12. HP: 93/108 MP: 16/16
 12644 | Lair:2   | Killed a catoblepas
 12818 | Lair:2   | Noticed an eight-headed hydra
 12845 | Lair:2   | Killed an eight-headed hydra
 13040 | Lair:2   | Found a staircase to the Snake Pit.
 13564 | Lair:3   | Noticed a four-headed hydra
 13578 | Lair:3   | Killed a four-headed hydra
 13948 | Lair:3   | Noticed a five-headed hydra
 13960 | Lair:3   | Killed a five-headed hydra
 14102 | Lair:3   | Reached skill level 15 in Unarmed Combat
 14122 | Lair:3   | Got a smoking ring mail
 14154 | Lair:3   | Identified the +4 ring mail of Lifian {rPois} (You found it
                  | on level 3 of the Lair of Beasts)
 14184 | Lair:3   | Reached ***** piety under Qazlal
 14236 | Lair:3   | Noticed a death yak
 14236 | Lair:3   | Noticed a death yak
 14237 | Lair:3   | Noticed a death yak
 14238 | Lair:3   | Noticed a death yak
 14247 | Lair:3   | Killed a death yak
 14255 | Lair:3   | Killed a death yak
 14265 | Lair:3   | Killed a death yak
 14275 | Lair:3   | Killed a death yak
 14296 | Lair:3   | Noticed a death yak
 14311 | Lair:3   | Killed a death yak
 14312 | Lair:3   | Reached XP level 13. HP: 76/116 MP: 13/18
 15299 | Lair:4   | Found the +7 mace of Variability {chain chaos}
 15318 | Lair:4   | Noticed Josephine
 15333 | Lair:4   | Killed Josephine
 16173 | Lair:4   | Found a staircase to the Shoals.
 16617 | Lair:5   | Reached skill level 16 in Unarmed Combat
 16658 | Lair:5   | Reached skill level 1 in Evocations
 16865 | Lair:5   | Noticed Snorg
 16887 | Lair:5   | Killed Snorg
 17627 | Lair:6   | Entered Level 6 of the Lair of Beasts
 17636 | Lair:6   | Reached skill level 10 in Invocations
 17788 | Lair:6   | Found a staircase to the Slime Pits.
 17788 | Lair:6   | Found a viscous altar of Jiyva.
 17799 | Lair:6   | Noticed Urug
 17824 | Lair:6   | Killed Urug
 17913 | Lair:6   | Reached XP level 14. HP: 76/127 MP: 10/20
 18791 | Lair:6   | Got a masterwork morningstar
 18831 | Lair:6   | Reached ****** piety under Qazlal
 19014 | Lair:6   | Reached skill level 17 in Unarmed Combat
 19703 | D:11     | Reached skill level 5 in Dodging
 19744 | D:11     | Found a flagged portal.
 19756 | Bailey   | Entered a bailey
 20191 | D:11     | Found a staircase to the Orcish Mines.
 20264 | D:11     | Reached skill level 1 in Shields
 20930 | Orc:1    | Entered Level 1 of the Orcish Mines
 20935 | Orc:1    | Paralysed by an orc sorcerer for 6 turns
 20937 | Orc:1    | Noticed an orc warlord
 20956 | D:11     | HP: 3/127 [orc warrior/+0 dire flail (22)]
 21357 | Orc:1    | Killed an orc warlord
 21395 | Orc:1    | Reached XP level 15. HP: 57/135 MP: 4/22
 21891 | Orc:1    | Found a roughly hewn altar of Beogh.
 22110 | Orc:1    | Identified 2 scrolls of acquirement
 22126 | Orc:1    | Acquired the +2 hat of the Bear Spirit {Spirit, +Rage rN+
                  | MR++}
 22127 | Orc:1    | Found the +2 hat of the Bear Spirit {Spirit, +Rage rN+
                  | MR++}
 22187 | Orc:1    | Acquired 1002 gold pieces
 22209 | Orc:2    | Entered Level 2 of the Orcish Mines
 22776 | Orc:2    | Found Beary's Magic Scroll Shoppe.
 22801 | Orc:2    | Found Keodid's Distillery.
 23278 | Orc:2    | Found a staircase to the Elven Halls.
 23492 | Orc:2    | Reached skill level 10 in Armour
 24187 | Orc:2    | Found Axeusow's Gadget Shop.
 24187 | Orc:2    | Found a one-way gate leading to the halls of Pandemonium.
 24187 | Orc:2    | Found Meveniwk's Antique Armour Boutique.
 24434 | Orc:2    | Bought a condenser vane for 600 gold pieces
 24434 | Orc:2    | Bought a tin of tremorstones (2/2) for 600 gold pieces
 24863 | D:12     | Found a runed translucent gate.
 24863 | D:12     | Found a runed translucent gate.
 24863 | D:12     | Found a runed translucent gate.
 24863 | D:12     | Noticed Tinen's ghost (journeyman TrMo)
 24899 | D:12     | Killed Tinen's ghost
 25104 | D:12     | Found a portal to a secret trove of treasure.
 25556 | Snake:1  | Entered Level 1 of the Snake Pit
 25566 | Snake:1  | Reached skill level 5 in Evocations
 25567 | Snake:1  | Reached XP level 16. HP: 66/145 MP: 0/24
 25633 | Snake:1  | Noticed Agnes
 25648 | Snake:1  | HP: 1/145 [Agnes/+1 lajatang of speed (10)]
 25652 | Snake:1  | Killed Agnes
 26323 | Snake:1  | HP: 2/146 [naga warrior/+0 battleaxe[a naga sharpshooter]
                  | (10)]
 26832 | Snake:1  | Found a sacrificial altar of Ru.
 26868 | Snake:1  | Reached skill level 18 in Unarmed Combat
 27951 | Snake:2  | Identified the +7 mace of Zeuxarph {flame, Dex+4}
 28143 | Snake:2  | Reached skill level 5 in Shields
 28757 | Snake:3  | Noticed Vashnia
 28797 | Snake:3  | Killed Vashnia
 29098 | Snake:3  | Reached XP level 17. HP: 134/154 MP: 25/25
 30012 | Snake:4  | Entered Level 4 of the Snake Pit
 32223 | Snake:4  | Reached XP level 18. HP: 144/162 MP: 26/26
 32457 | Snake:4  | Got a serpentine rune of Zot
 32760 | Shoals:1 | Entered Level 1 of the Shoals
 33105 | Shoals:1 | Reached skill level 15 in Fighting
 33709 | Shoals:2 | Noticed Jorgrun
 33710 | Shoals:2 | Found Jejeph's Gadget Emporium.
 33725 | Shoals:2 | Killed Jorgrun
 33952 | Shoals:2 | Noticed Ilsuiw
 33961 | Shoals:2 | Noticed Polyphemus
 33981 | Shoals:2 | Killed Polyphemus
 33993 | Shoals:1 | Killed Ilsuiw
 34254 | Shoals:2 | Noticed Nikola
 34281 | Shoals:1 | Killed Nikola
 34741 | Shoals:2 | Cast into level 2 of the Abyss (merfolk)
 34799 | Shoals:2 | Escaped the Abyss
 35047 | Shoals:3 | Noticed Bai Suzhen
 35717 | Shoals:3 | Found a shadowy altar of Dithmenos.
 35761 | Shoals:3 | HP: 5/163 [merfolk siren/+0 trident (13)]
 36822 | Shoals:3 | Killed Bai Suzhen
 37405 | Shoals:3 | Reached XP level 19. HP: 170/170 MP: 28/28
 37664 | Shoals:4 | Entered Level 4 of the Shoals
 37746 | Shoals:4 | Reached skill level 19 in Unarmed Combat
 37861 | Shoals:4 | Reached skill level 10 in Shields
 38204 | Shoals:4 | Found a frozen archway.
 38222 | IceCv    | Entered an ice cave
 38243 | IceCv    | Reached skill level 10 in Dodging
 40660 | Shoals:4 | Got a barnacled rune of Zot
 41051 | D:13     | Found a gate to the Vaults.
 41354 | Vaults:1 | Entered Level 1 of the Vaults
 42032 | Vaults:1 | Reached XP level 20. HP: 145/180 MP: 27/29
 42283 | Vaults:1 | Found an ancient bone altar of Kikubaaqudgha.
 43012 | Vaults:2 | Found Ileved's Distillery.
 43034 | Vaults:2 | Found a runed translucent gate.
 43034 | Vaults:2 | Found a runed translucent gate.
 43034 | Vaults:2 | Found a runed translucent gate.
 43035 | Vaults:2 | Noticed deprived's ghost (veteran HOFi)
 43335 | Vaults:2 | Acquired a +2 crystal plate armour
 43601 | Vaults:2 | Noticed Asterion
 43609 | Vaults:2 | Killed Asterion
 44298 | Vaults:2 | Found a staircase to the Crypt.
 44478 | Vaults:2 | Reached skill level 15 in Invocations
 44847 | Vaults:2 | Killed deprived's ghost
 45335 | Vaults:2 | Identified the cursed +0 cloak of Vacinin {Stlth+} (You
                  | found it on level 2 of the Vaults)
 45443 | Vaults:3 | Found a runed translucent gate.
 45443 | Vaults:3 | Found a runed translucent gate.
 45444 | Vaults:3 | Found a runed translucent gate.
 45444 | Vaults:3 | Noticed Morgoth's ghost (adept TeWr)
 45705 | Vaults:3 | Noticed Margery
 45739 | Vaults:3 | Killed Margery
 45810 | Vaults:3 | Reached XP level 21. HP: 105/189 MP: 23/31
 47570 | Vaults:3 | Killed Morgoth's ghost
 47587 | Vaults:3 | Upgraded the game from 0.26-a0-844-g3dd439832f to
                  | 0.26-a0-858-gbf766624f9
 48618 | Vaults:4 | Noticed Mennas
 48662 | Vaults:4 | Killed Mennas
 49585 | Vaults:5 | Entered Level 5 of the Vaults
 49654 | Vaults:4 | Reached XP level 22. HP: 188/200 MP: 33/33
 50084 | Vaults:5 | Noticed Saint Roka
 50102 | Vaults:4 | Slain by an ettin

Illustrated notes

Levels and vault maps discovered:
D:1:      heliophobic_arrival_enchanted_forest, layout_basic
D:2:      layout_basic, chequers_ecumenical_altar_lobes
D:3:      wad_woods_stonehenge, layout_rooms, gammafunk_ghost_grave,
          st_stairs_9, trog_three_pillars_becter
D:4:      layout_basic
D:5:      layout_rooms, nicolae_ru_path_of_blood, minmay_temple_entry_ruins,
          uniq_duvessa
D:6:      layout_loops_cross, eat_drink_and_be_merry_uskayaw, elyvilon_altar_3,
          basic_altar
D:7:      layout_basic, basic_altar, serial_shops, shop
D:8:      layout_loops_ring, nicolae_overflow_crystal_walls
D:9:      layout_stronghold
D:10:     layout_roguey, erik_lair_orcish_takeover, basic_altar,
          minmay_misc_feat_tower
D:11:     layout_rooms, orc_0_dummy, special_room [special_room_bee],
          enter_bailey_5, minivault_14
D:12:     layout_cave_pools, nicolae_trove_entry_isolated,
          ebering_ghost_rock_garden, chequers_arboretum
D:13:     layout_small_grid, lightli_vaults_fourway_checkpoint
Temple:   eino_narrow_crystal_temple
Lair:1:   layout_cave_pods, ebering_ghost_xom, serial_bayou_shore_a,
          grunt_megastairs_3, minmay_lair_oklob_chamber, lemuel_fruit_fields
Lair:2:   layout_roguey, guppyfry_snake_entry_island, grunt_megastairs_2
Lair:3:   layout_misc_corridors, infiniplex_staircase_pool_2
Lair:4:   layout_cellular_growth, minmay_shoals_entry_hut, uniq_josephine
Lair:5:   layout_cave_pods, ldierk_geyser, infiniplex_staircase_pool,
          lemuel_fruit_tree, uniq_snorg
Lair:6:   hangedman_lair_caniforms_friends, layout_regular_city,
          guppyfry_lair_end_dragon, slime_altar_1, uniq_urug
Shoals:1: layout_shoals, st_shoals_ruin
Shoals:2: layout_shoals, serial_shops, nicolae_shop_stone, uniq_ilsuiw,
          uniq_polyphemus, uniq_nikola, uniq_jorgrun
Shoals:3: layout_shoals, serial_shops, freezing_bzr, lemuel_altar_in_water,
          uniq_bai_suzhen
Shoals:4: shoals_end_grunt_garden, layout_shoals,
          portal_ice_cave_entry_ice_statue_one, overgrown_hall
Snake:1:  layout_honeycomb, basic_altar, grunt_megastairs_5, uniq_agnes
Snake:2:  layout_concentric_octagons
Snake:3:  layout_basic, uniq_vashnia
Snake:4:  minmay_snake_end_coiled, layout_chambers
Orc:1:    orc_temple, layout_caves
Orc:2:    pf_orc_diabolical, layout_diamond_mine
Vaults:1: v_rooms_6, vaults_standard_mumra_lines, grunt_vaults_diagonal,
          nicolae_vaults_puzzle_piece, vaults_room_door_ring,
          ontoclasm_vaults_misaligned, vaults_room_ringed_pool, serial_ice_b,
          vaults_room_grunt_arrival_ludios, vaults_room_hallway,
          ontoclasm_vaults_decontamination, layout_vaults_omnigrid, basic_altar
Vaults:2: gammafunk_vaults_ghost_tricky_traps, vaults_mumra_lcd, v_rooms_4,
          v_misc_30, hangedman_vaults_stream, v_misc_27,
          nicolae_vaults_three_branches, nicolae_vaults_statue_guard,
          ontoclasm_vaults_spin, minmay_crypt_entry_simple_box,
          nicolae_vaults_little_squares_1, ontoclasm_vaults_twist,
          layout_vaults_ring, serial_shops, nicolae_shop_behind_doors,
          uniq_asterion
Vaults:3: gammafunk_vaults_ghost_spectres, ontoclasm_vaults_shuriken,
          nicolae_vaults_circle_grid_a, v_misc_4, hangedman_vaults_river_flow,
          grunt_vaults_focal, vaults_dpeg_encased_lava,
          nicolae_vaults_shelves_hall, nicolae_vaults_yaktaur_gun_rack,
          layout_vaults_chaotic_city, uniq_margery
Vaults:4: nicolae_vaults_angled_halls, v_misc_29, hangedman_vaults_slice,
          v_misc_12, v_misc_29, vaults_room_semicircle, vaults_room_grid,
          vaults_room_glass_cross, grunt_vaults_bifocal,
          ontoclasm_vaults_loading_screen, hangedman_vaults_maws,
          vaults_room_fours, vaults_dpeg_diagonal, nicolae_vaults_shelves_hall,
          vaults_room_pools, layout_vaults_omnibox, uniq_mennas
Vaults:5: uniq_xtahua, uniq_saint_roka

Skill      XL: |  1  2  3  4  5  6  7  8  9 10 11 12 13 14 15 16 17 18 19 20 21 |
---------------+----------------------------------------------------------------+-----
Unarmed Combat | 4 5 6 7 8 10 11 12 14 15 16 17 18 19 | 19.5
Fighting       | 4 5 6 7 8 9 10 11 12 13 14 15 16 17 | 17.7
Invocations    | 1 4 6 7 9 10 11 12 13 14 15 16 | 16.4
Armour         | 1 3 5 6 7 8 9 10 11 12 13 14 | 14.2
Evocations     | 3 4 5 7 9 |  9.0
Dodging        | 3 5 7 8 9 10 11 | 11.3
Shields        | 2 4 5 7 9 11 12 14 | 14.6
Stealth        | |  2.1

Action                   |  1- 3 |  4- 6 |  7- 9 | 10-12 | 13-15 | 16-18 | 19-21 | 22-24 || total
-------------------------+-------+-------+-------+-------+-------+-------+-------+-------++-------
Melee: Unarmed           |    76 |   256 |   336 |   479 |  1399 |  1495 |  1864 |   121 ||  6026
       Punch             |     2 |     3 |    20 |    36 |    52 |     6 |       |       ||   119
Throw: Boomerang         |       |       |       |       |   137 |   114 |   118 |       ||   369
Invok: Upheaval          |       |       |       |       |     2 |     6 |     3 |       ||    11
       Disaster Area     |       |       |       |       |     3 |     2 |     1 |     1 ||     7
 Abil: Evoke Flight      |       |       |       |       |     1 |     1 |       |       ||     2
Evoke: Wand              |       |       |       |     8 |    17 |    10 |       |       ||    35
       Lightning rod     |       |       |       |       |     2 |     4 |       |       ||     6
       Tin of tremorston |       |       |       |       |     1 |     3 |       |       ||     4
       Phantom mirror    |       |       |       |       |       |     3 |     1 |       ||     4
       Condenser vane    |       |       |       |       |       |     2 |       |       ||     2
  Use: Scroll            |       |     1 |     8 |    11 |    12 |     9 |     5 |       ||    46
       Potion            |       |       |       |       |       |     3 |     2 |       ||     5
 Stab: Sleeping          |     3 |     1 |       |       |       |       |       |       ||     4
       Paralysed         |       |       |       |       |     4 |       |       |       ||     4
       Fleeing           |       |       |       |       |     1 |       |       |       ||     1
       Confused          |       |       |       |       |     2 |       |       |       ||     2
       Distracted        |       |       |       |       |       |     1 |       |       ||     1
Armor: Robe              |    13 |       |       |       |       |       |       |       ||    13
       Ring mail         |    13 |    46 |       |    11 |   215 |       |       |       ||   285
       Chain mail        |       |    77 |    67 |       |       |       |       |       ||   144
       Leather armour    |       |       |    55 |   147 |       |       |       |       ||   202
       Fire dragon scale |       |       |       |       |   241 |   313 |   183 |       ||   737
       Crystal plate arm |       |       |       |       |       |       |   266 |   150 ||   416
Dodge: Dodged            |    37 |   148 |   155 |   232 |   944 |   732 |   508 |    83 ||  2839
       Repelled          |       |       |       |     1 |    13 |    45 |    12 |       ||    71
Block: Other             |       |       |    28 |    98 |   210 |    16 |       |       ||   352
       Buckler           |       |       |       |       |   491 |   101 |       |       ||   592
       Kite shield       |       |       |       |       |       |  1313 |  1903 |   266 ||  3482
       Reflection        |       |       |       |       |       |       |    88 |     1 ||    89

Table legend: (Time is in decaauts)
 A = Elapsed time spent in this place.
 B = Non-inter-level travel time spent in this place.
 C = Inter-level travel time spent in this place.
 D = Time resting spent in this place.
 E = Time spent auto-exploring this place.
 F = Levels seen in this place.
 G = Mean time per level.
                   A        B        C        D        E       F      G
               +--------+--------+--------+--------+--------+-----+--------+
         Total |  48937 |  46898 |   2039 |   7048 |  28846 |  38 | 1287.8 |
       Dungeon |  13367 |  12667 |    700 |   1131 |   9256 |  13 | 1028.2 |
        Temple |    222 |    180 |     42 |      0 |    171 |   1 |  222.0 |
          Lair |   9263 |   8688 |    575 |   1271 |   6029 |   6 | 1543.8 |
        Shoals |   6751 |   6529 |    222 |   1907 |   2634 |   4 | 1687.8 |
     Snake Pit |   6208 |   5976 |    232 |    864 |   3339 |   4 | 1552.0 |
  Orcish Mines |   2996 |   2870 |    126 |    280 |   1683 |   2 | 1498.0 |
        Vaults |   8269 |   8129 |    140 |    769 |   5286 |   5 | 1653.8 |
         Abyss |     54 |     54 |      0 |      0 |      0 |   1 |   54.0 |
        Bailey |    365 |    365 |      0 |      0 |    232 |   1 |  365.0 |
      Ice Cave |   1438 |   1438 |      0 |    826 |    214 |   1 | 1438.0 |
               +--------+--------+--------+--------+--------+-----+--------+

Top non-repeatable levels by time:
Vaults:3: 2303 daAuts
  Lair:2: 2192 daAuts
Vaults:4: 2129 daAuts
Shoals:2: 2050 daAuts
Vaults:1: 2023 daAuts
   Orc:2: 1919 daAuts
 Snake:3: 1884 daAuts
Vaults:2: 1783 daAuts
 Snake:4: 1772 daAuts
  Lair:6: 1755 daAuts
Shoals:3: 1658 daAuts
  Lair:4: 1630 daAuts
Shoals:1: 1623 daAuts
  Lair:1: 1565 daAuts
 Snake:1: 1523 daAuts
